 Dungeon Crawl Stone Soup version 0.28-a0-998-gb9e9c7b67e (webtiles) character file.

Game seed: 16081916508076129388

24795 bande the Blocker (level 13, -4/79 HPs)
             Began as a Gargoyle Fighter on Dec 6, 2021.
             Was the Champion of Okawaru.
             Slain by a yak (11 damage)
             ... on level 3 of the Lair of Beasts.
             The game lasted 00:33:25 (13754 turns).

bande the Blocker (Gargoyle Fighter)               Turns: 13754, Time: 00:33:25

Health: -4/79      AC: 28    Str: 23    XL:     13   Next: 15%
Magic:  19/19      EV:  8    Int:  9    God:    Okawaru [******]
Gold:   1220       SH: 21    Dex: 11    Spells: 12/12 levels left

rFire   . . .      SeeInvis +   a - +1 war axe (flame)
rCold   + . .      Faith    .   s - +1 tower shield
rNeg    + . .      Spirit   .   G - +0 plate armour
rPois   ∞          Reflect  .   o - +1 helmet
rElec   +          Harm     .   (no cloak)
rCorr   .          Rampage  .   r - +0 pair of gloves
Will    .....                   p - +0 pair of boots
Stlth   ..........              g - amulet of regeneration
HPRegen 1.03/turn               e - ring of see invisible
MPRegen 0.16/turn               E - +4 ring of evasion

@: no status effects
A: sickness immunity, AC +9, negative energy resistance 1, electricity
resistance, torment resistance 1, petrification resistance, large bone plates 1,
cold resistance 1, MP-powered wands
a: Renounce Religion, Heroism, Finesse, Duel


You were on level 3 of the Lair of Beasts.
You worshipped Okawaru.
Okawaru was exalted by your worship.
You visited 3 branches of the dungeon, and saw 14 of its levels.
You also visited: Sewer and Ossuary.

You collected 1324 gold pieces.
You spent 104 gold pieces at shops.

Inventory:

Hand Weapons
 a - a +1 war axe of flaming (weapon)
 b - a +0 flail
 x - a +0 war axe
Missiles
 z - 4 throwing nets (quivered)
Armour
 o - a +1 helmet (worn)
 p - a +0 pair of boots (worn)
 r - a +0 pair of gloves (worn)
 s - a +1 tower shield (worn)
 G - a +0 plate armour (worn)
Jewellery
 e - a ring of see invisible (left hand)
 g - an amulet of regeneration (around neck)
 A - a ring of fire
 B - an amulet of reflection
 C - a ring of fire
 E - a +4 ring of evasion (right hand)
 M - a ring of wizardry
Wands
 i - a wand of polymorph (4)
 j - a wand of digging (4)
 t - a wand of flame (12)
 w - a wand of acid (8)
 L - a wand of iceblast (5)
Scrolls
 f - 3 scrolls of magic mapping
 l - 3 scrolls of blinking
 m - 3 scrolls of enchant weapon
 q - 9 scrolls of teleportation
 v - 4 scrolls of identify
 y - 3 scrolls of amnesia
 I - a scroll of enchant armour
 K - a scroll of fear
Potions
 c - 2 potions of brilliance
 d - 2 potions of might
 h - 7 potions of curing
 k - 4 potions of flight
 n - 2 potions of magic
 u - 7 potions of heal wounds
 D - 3 potions of mutation
 F - 8 potions of ambrosia
 H - a potion of attraction
 J - a potion of invisibility


   Skills:
 + Level 8.3 Fighting
 + Level 11.3 Axes
 + Level 8.3 Armour
 + Level 11.6 Shields
 + Level 0.6 Unarmed Combat
 * Level 8.5 Invocations
 * Level 8.1 Evocations


You had 12 spell levels left.
You didn't know any spells.
Your spell library contained the following spells:

 Spells                   Type           Power      Damage    Failure   Level
 Apportation              Tloc           0%         N/A       100%        1
 Sandblast                Erth           0%         2d4       100%        1
 Passwall                 Tmut/Erth      0%         N/A       100%        2
 Static Discharge         Conj/Air       0%         N/A       100%        2
 Conjure Flame            Conj/Fire      0%         6-21      100%        3
 Ignite Poison            Fire/Tmut/Pois 0%         N/A       100%        3
 Stone Arrow              Conj/Erth      0%         3d7       100%        3
 Sticky Flame             Conj/Fire      0%         2d3       100%        4
 Alistair's Intoxication  Tmut/Pois      0%         N/A       100%        5
 Fireball                 Conj/Fire      0%         3d3       100%        5
 Iskenderun's Battlesphe  Conj           0%         2d6       100%        5
 Lightning Bolt           Conj/Air       0%         1d11      100%        5
 Conjure Ball Lightning   Conj/Air       0%         3x3d6     100%        6
 Orb of Destruction       Conj           0%         N/A       100%        7
 Storm Form               Tmut/Air       0%         N/A       100%        7
 Maxwell's Capacitive Co  Air            0%         ∞         100%        8
 Summon Lightning Spire   Summ/Air       Unusable   N/A       N/A         4

Dungeon Overview and Level Annotations

Branches:
Dungeon (10/15)            Temple (1/1) D:5            Lair (3/6) D:10
 Shoals (0/4) Lair:2       Spider (0/4) Lair:2        Sewer (visited)
Ossuary (visited)
    Orc: D:9-12

Altars:
Ashenzari
Dithmenos
Elyvilon
Fedhas
Gozag
Hepliaklqana
Kikubaaqudgha
Makhleb
Nemelex Xobeh
Okawaru
Qazlal
Ru
Sif Muna
Trog
Vehumet
Wu Jian
Xom
Yredelemnul
Zin
The Shining One

Shops:
D:6 =:?:[   D:7 !


Innate Abilities, Weirdness & Mutations

You are immune to sickness and miasma.
Your stone body is resilient. (AC +9)
You are immune to poison.
You resist negative energy. (rN+)
You are resistant to electric shocks. (rElec)
You are resistant to unholy torment.
You are immune to petrification.
You are partially covered in large bone plates. (SH +4)
Your flesh is cold resistant. (rC+)
You expend magic power (3 MP) to strengthen your wands.


Message History

You burn the yak.
You kill the yak!
Okawaru accepts your kill. You block the death yak's attack. x3
You hit the death yak. You burn the death yak.
The death yak is heavily wounded.
You hit the death yak but do no damage. x2; You block the death yak's attack.
The death yak gores you but does no damage. x2
Unknown command.
You barely miss the death yak.
The death yak is heavily wounded.
You hit the death yak but do no damage. x2; You block the death yak's attack. x3
Unknown command.
You hit the death yak. You burn the death yak.
The death yak is heavily wounded.
You hit the death yak. You burn the death yak.
You hit the death yak but do no damage. The death yak gores you!
The death yak closely misses you. The death yak gores you!
You slash the death yak! You burn the death yak.
The death yak is severely wounded.
You hit the death yak. You burn the death yak.
You hit the death yak but do no damage. The death yak gores you.
You block the death yak's attack. The death yak gores you!
You block the death yak's attack.
Unknown command.
You slice the death yak!! You burn the death yak.
You kill the death yak!
Okawaru accepts your kill.
You hit the death yak. You burn the death yak.
You hit the death yak but do no damage. The death yak gores you!
* * * LOW HITPOINT WARNING * * *
The death yak barely misses you. The death yak gores you.
* * * LOW HITPOINT WARNING * * *
The yak gores you but does no damage.
The death yak gores you but does no damage.
You slash the yak! You burn the yak.
The yak is severely wounded.
You hit the death yak. You burn the death yak.
You hit the death yak but do no damage. The yak gores you!
You die...

.....#.(##.## ...#.
.............. .[...
.....#.#.#. ..### ....
.....# ⌠. ####...###..##
....#.....#..##.#.#....#
....#⌠.<.⌠#...#......#.#
####......#.P####.#...#.#
## ##....#.## ##Y........
.##
###+###..###@#.>..###.
..###.....#.#..†YY.#####
...#.....#....#....###.#
...#..................##
...+...⌠...+...⌠.......#
...#.......#..........##
.#.#.#.....#..#.#.....#
..###.)...#.#.....##..#
.## ##....##.#.#.##...#


You could see 2 death yaks and a yak.

Vanquished Creatures
  2 hydras
  A two-headed ogre (D:10)
  A catoblepas (Lair:2)
  Erica (Lair:1)
  6 death yaks
  A merfolk siren (Lair:2)
  A black mamba (Lair:1)
  8 cane toads
  5 komodo dragons
  A rime drake (Lair:2)
  A kobold demonologist (D:7)
  A queen bee (Lair:1)
  A troll (D:9)
  8 blink frogs
  A meliai zombie (D:10)
  A wyvern (D:10)
  A shadow (D:10)
  A wraith (D:10)
  A basilisk (Lair:2)
  A steam dragon (D:10)
  19 yaks
  An acid dragon (D:10)
  4 water moccasins
  Duvessa (D:7)
  4 orc warriors
  4 sky beasts
  A hornet zombie (D:7)
  A necrophage (D:7)
  3 ice beasts
  2 black bears
  3 wolves (Lair:1)
  4 centaurs
  2 phantoms
  5 kobold brigands
  8 bullfrogs
  7 elf zombies (Ossuary)
  2 scorpions
  2 gnoll sergeants (D:10)
  A wyvern zombie (D:8)
  A water moccasin zombie (D:5)
  A wyvern skeleton (D:7)
  Dowan (D:7)
  39 killer bees
  9 wights
  2 bullfrog zombies
  4 centaur zombies
  3 human zombies (Ossuary)
  2 gnoll shamans
  A hound (D:7)
  A jelly (D:4)
  7 orc priests
  A bullfrog skeleton (D:4)
  4 iguanas
  Ijyb (D:3)
  11 orc wizards
  A killer bee zombie (D:6)
  2 human simulacra (D:9)
  3 mummies (Ossuary)
  14 gnolls
  9 adders
  5 river rats (D:3)
  A shadow imp (D:6)
  3 white imps
  5 worms
  3 dart slugs
  32 orcs
  14 bats
  12 endoplasms
  7 giant cockroaches
  11 goblins
  12 hobgoblins
  7 jackals
  6 quokkas
  10 ball pythons
  13 frilled lizards
  14 kobolds
  A quokka skeleton (D:4)
  12 rats
403 creatures vanquished.

Vanquished Creatures (others)
  An orc wizard (D:3)
  5 fungi
  22 plants
28 creatures vanquished.

Grand Total: 431 creatures vanquished

Notes
Turn   | Place    | Note
-------+----------+-------------------------------------------
     0 | D:1      | bande the Gargoyle Fighter began the quest for the Orb.
     0 | D:1      | Reached XP level 1. HP: 14/14 MP: 1/1
   260 | D:1      | Reached XP level 2. HP: 19/19 MP: 2/2
   599 | D:1      | Reached XP level 3. HP: 23/23 MP: 3/3
   986 | D:2      | Reached XP level 4. HP: 28/29 MP: 4/4
  1538 | D:3      | Noticed Ijyb
  1554 | D:3      | Killed Ijyb
  1577 | D:3      | Reached XP level 5. HP: 33/33 MP: 5/5
  1611 | D:3      | Noticed a black bear
  1620 | D:3      | Killed a black bear
  1672 | D:3      | Reached skill level 1 in Evocations
  1672 | D:3      | Reached XP level 6. HP: 24/38 MP: 6/6
  1782 | D:3      | Found a glowing drain.
  1790 | Sewer    | Entered a sewer
  2801 | D:3      | Found a faded altar of an unknown god.
  3053 | D:4      | Reached XP level 7. HP: 44/44 MP: 7/7
  3271 | D:4      | Reached skill level 5 in Axes
  3309 | D:4      | Found a sacrificial altar of Ru.
  3947 | D:5      | Entered Level 5 of the Dungeon
  3954 | D:5      | Found an opulent altar of Gozag.
  4011 | D:5      | Found a sand-covered staircase.
  4015 | Ossuary  | Entered an ossuary
  4084 | Ossuary  | Reached XP level 8. HP: 48/48 MP: 8/8
  4118 | Ossuary  | Reached skill level 5 in Shields
  4144 | Ossuary  | Reached skill level 5 in Armour
  4271 | Ossuary  | Reached skill level 5 in Fighting
  4329 | D:5      | Gained mutation: You are partially covered in large bone
                  | plates. (SH +4) [potion of mutation]
  4329 | D:5      | Gained mutation: You expend magic power (3 MP) to
                  | strengthen your wands. [potion of mutation]
  4329 | D:5      | Gained mutation: Your flesh is cold resistant. (rC+)
                  | [potion of mutation]
  4359 | D:5      | Found a blossoming altar of Fedhas.
  4362 | D:5      | Found a burning altar of Makhleb.
  4488 | D:5      | Found a staircase to the Ecumenical Temple.
  4495 | Temple   | Entered the Ecumenical Temple
  4541 | Temple   | Became a worshipper of Warmaster Okawaru
  4679 | D:5      | Reached XP level 9. HP: 43/54 MP: 9/9
  4858 | D:5      | Reached skill level 1 in Invocations
  4975 | D:5      | Found a white marble altar of Elyvilon.
  4978 | D:5      | Found an ornate altar of the Wu Jian Council.
  5222 | D:6      | Found Ugycw's Antique Armour Boutique.
  5255 | D:6      | Found Pino's Book Emporium.
  5310 | D:6      | Found Paij's Book Emporium.
  5367 | D:6      | Found Dyallea's Magic Scroll Shop.
  5780 | D:6      | Found Vili's Jewellery Boutique.
  6283 | D:7      | Reached * piety under Okawaru
  6439 | D:7      | Noticed a kobold demonologist
  6442 | D:7      | Noticed a smoke demon
  6445 | D:7      | Noticed a sun demon
  6451 | D:7      | Reached ** piety under Okawaru
  6452 | D:7      | Noticed a red devil
  6452 | D:7      | Killed a kobold demonologist
  6453 | D:7      | Reached XP level 10. HP: 27/60 MP: 12/12
  6661 | D:7      | Noticed Dowan
  6662 | D:7      | Noticed Duvessa
  6671 | D:7      | Killed Dowan
  6672 | D:7      | Reached skill level 5 in Evocations
  6679 | D:7      | Killed Duvessa
  6986 | D:7      | Found Juaph's Distillery.
  6990 | D:7      | Bought a potion of mutation for 104 gold pieces
  7095 | D:7      | Found a shadowy altar of Dithmenos.
  7398 | D:8      | Found a glowing silver altar of Zin.
  7474 | D:8      | Reached *** piety under Okawaru
  8015 | D:8      | Found a basalt altar of Yredelemnul.
  8187 | D:9      | Reached skill level 5 in Invocations
  8371 | D:9      | Reached **** piety under Okawaru
  8755 | D:9      | Reached XP level 11. HP: 61/66 MP: 14/14
  9137 | D:10     | Entered Level 10 of the Dungeon
  9575 | D:10     | Found a shimmering blue altar of Sif Muna.
  9584 | D:10     | Found an ancient bone altar of Kikubaaqudgha.
  9599 | D:10     | Found a radiant altar of Vehumet.
  9619 | D:10     | Noticed a two-headed ogre
  9638 | D:10     | Killed a two-headed ogre
  9638 | D:10     | Reached ***** piety under Okawaru
 10034 | D:10     | Found a broken altar of Ashenzari.
 10327 | D:10     | Identified a scroll of acquirement
 10327 | D:10     | Acquired 601 gold pieces
 10391 | D:10     | Found a staircase to the Lair.
 10397 | Lair:1   | Entered Level 1 of the Lair of Beasts
 10531 | Lair:1   | Noticed a seven-headed hydra
 10545 | Lair:1   | Killed a one-headed hydra
 10911 | Lair:1   | Received a gift from Okawaru
 10926 | Lair:1   | Reached skill level 10 in Shields
 11003 | Lair:1   | Noticed Erica
 11031 | Lair:1   | Killed Erica
 11032 | Lair:1   | Reached XP level 12. HP: 55/72 MP: 17/17
 11204 | Lair:1   | Reached skill level 10 in Axes
 12332 | Lair:2   | Noticed a catoblepas
 12350 | Lair:2   | Killed a catoblepas
 12686 | Lair:2   | Noticed a death yak
 12686 | Lair:2   | Noticed a death yak
 12694 | Lair:2   | Noticed a death yak
 12695 | Lair:2   | Noticed a death yak
 12711 | Lair:2   | Killed a death yak
 12726 | Lair:2   | Killed a death yak
 12737 | Lair:2   | Killed a death yak
 12742 | Lair:2   | Killed a death yak
 12742 | Lair:2   | Reached ****** piety under Okawaru
 12847 | Lair:2   | Found a staircase to the Shoals.
 12938 | Lair:2   | Noticed a seven-headed hydra
 12948 | Lair:2   | Killed a one-headed hydra
 12973 | Lair:2   | Found a hole to the Spider Nest.
 13276 | Lair:3   | Received a gift from Okawaru
 13416 | Lair:3   | Reached XP level 13. HP: 49/78 MP: 19/19
 13754 | Lair:3   | Slain by a yak

Illustrated notes

Levels and vault maps discovered:
D:1:      minmay_arrival_nine_rooms, layout_rooms, minmay_tripent
D:2:      layout_basic
D:3:      layout_loops_ring, lightli_sewer_entry_pipes,
          shapermc_ecumenical_altar_flowoftime, minmay_starry_boxes, uniq_ijyb
D:4:      layout_basic, mainiacjoe_overflow_concentric_impassable,
          kennysheep_generic_room_8
D:5:      layout_cave_pods, nicolae_gozag_seed_capital,
          grunt_temple_overflow_cloverleaf, minmay_temple_entry_hall,
          enter_ossuary_5
D:6:      layout_layer_cave, serial_shops, shop, nicolae_shop_hallway_plus,
          nicolae_shop_window_shopping, nicolae_stop_n_shop_1,
          nicolae_diamond_shop, minmay_lizard_king
D:7:      layout_loops_cross, nicolae_dithmenos_through_a_glass_darkly,
          serial_shops, shop, uniq_duvessa
D:8:      layout_rooms, mainiacjoe_overflow_chevrons,
          lemuel_zombie_altar_yredelemnul
D:9:      layout_irregular_city, bh_circular_ruins
D:10:     layout_rooms, palyth_temple_overflow_mages, ashenzari_altar_1,
          erik_lair_dragon, serial_bayou_crossing
Temple:   compressed_dpeg_triangle_lava_temple
Lair:1:   layout_cave_pods, special_room [special_room_bee], patterned_corridor,
          grunt_megastairs_2, uniq_erica
Lair:2:   layout_misc_corridors, minmay_shoals_entry_lonely_mermaid,
          dummy_spider_entry, cheibrodos_lair_caveside_slide
Lair:3:   layout_loops_ring, grunt_megastairs_1, infiniplex_staircase_pool

Skill      XL: |  1  2  3  4  5  6  7  8  9 10 11 12 13 |
---------------+----------------------------------------+-----
Axes           | 2 3 4 5 6 7 8 9 11 | 11.3
Fighting       | 4 5 6 7 8 |  8.3
Armour         | 4 5 6 7 8 |  8.3
Evocations     | 1 2 3 4 5 7 8 |  8.1
Shields        | 4 5 7 8 10 11 | 11.6
Invocations    | 3 5 6 8 |  8.5
Unarmed Combat | |  0.6

Action                   |  1- 3 |  4- 6 |  7- 9 | 10-12 | 13-15 || total
-------------------------+-------+-------+-------+-------+-------++-------
Melee: War axe           |    76 |   209 |   456 |   858 |    47 ||  1646
       Unarmed           |       |     8 |       |       |       ||     8
  Use: Scroll            |       |     9 |     8 |     6 |       ||    23
       Potion            |       |     2 |     1 |       |       ||     3
Armor: Scale mail        |    49 |   135 |       |       |       ||   184
       Skin              |       |     2 |       |       |       ||     2
       Chain mail        |       |    29 |   335 |    33 |       ||   397
       Plate armour      |       |       |       |   550 |    22 ||   572
Dodge: Dodged            |    51 |   132 |    56 |   326 |    15 ||   580
Block: Buckler           |    15 |    52 |       |       |       ||    67
       Tower shield      |       |    12 |   384 |  1303 |    67 ||  1766

Table legend: (Time is in decaauts)
 A = Elapsed time spent in this place.
 B = Non-inter-level travel time spent in this place.
 C = Inter-level travel time spent in this place.
 D = Time resting spent in this place.
 E = Time spent auto-exploring this place.
 F = Levels seen in this place.
 G = Mean time per level.
                   A        B        C        D        E       F      G
               +--------+--------+--------+--------+--------+-----+--------+
         Total |  14621 |  14576 |     45 |   2096 |   7995 |  16 |  913.8 |
       Dungeon |  10035 |   9990 |     45 |   1136 |   5805 |  10 | 1003.5 |
        Temple |     74 |     74 |      0 |      0 |     38 |   1 |   74.0 |
          Lair |   3483 |   3483 |      0 |    960 |   1609 |   3 | 1161.0 |
         Sewer |    653 |    653 |      0 |      0 |    477 |   1 |  653.0 |
       Ossuary |    374 |    374 |      0 |      0 |     65 |   1 |  374.0 |
               +--------+--------+--------+--------+--------+-----+--------+

Top non-repeatable levels by time:
  Lair:1: 1728 daAuts
    D:10: 1315 daAuts
     D:6: 1161 daAuts
     D:7: 1088 daAuts
     D:9: 1071 daAuts
  Lair:2: 1062 daAuts
     D:3: 1052 daAuts
     D:4: 986 daAuts
     D:1: 916 daAuts
     D:5: 893 daAuts
     D:8: 881 daAuts
  Lair:3: 692 daAuts
     D:2: 668 daAuts
   Sewer: 653 daAuts
 Ossuary: 374 daAuts
